 Dungeon Crawl Stone Soup version 0.19.4-8-ga85b6b9 (webtiles) character file.

566 Ponchio the Magician (level 7, -1/36 HPs)
             Began as a Deep Elf Fire Elementalist on Feb 8, 2017.
             Shot with an arrow by a centaur (16 damage)
             ... on level 5 of the Dungeon.
             The game lasted 00:23:46 (4571 turns).

Ponchio the Magician (Deep Elf Fire Elementalist)   Turns: 4571, Time: 00:23:46

Health: -1/36      AC:  3    Str:  3    XL:     7   Next: 10%
Magic:  20/20      EV: 13    Int: 22    God:
Gold:   114        SH:  0    Dex: 15    Spells: 5 memorised, 8 levels left

rFire  . . .     SeeInvis .     j - -3 dagger (curse)
rCold  . . .     Gourm    .     a - +0 robe
rNeg   . . .     Faith    .     (no shield)
rPois  .         Spirit   .     (no helmet)
rElec  .         Reflect  .     (no cloak)
rCorr  .         Harm     +     (no gloves)
MR     .....                    g - +0 pair of boots
Stlth  ++........               e - amulet of harm
                                (no ring)
                                (no ring)

@: repel missiles
A: high mp 1, weak 1, MP-powered wands
a: no special abilities


You were on level 5 of the Dungeon.
You were hungry.

You visited 1 branch of the dungeon, and saw 5 of its levels.

You collected 114 gold pieces.

Inventory:

Hand Weapons
 i - a +1 short sword
 j - a cursed -3 dagger (weapon)
Armour
 a - a +0 robe (worn)
 g - a +0 pair of boots (worn)
Jewellery
 e - an amulet of harm (around neck)
Scrolls
 k - a scroll of recharging
Potions
 h - a potion of invisibility {unknown}
 o - 2 potions of ambrosia {unknown}
 p - 3 potions of curing
Books
 b - a book of Flames

   Spells                             Type                      Level
   a - Flame Tongue                   Conjuration/Fire             1
   b - Throw Flame                    Conjuration/Fire             2
   c - Conjure Flame                  Conjuration/Fire             3
   d - Inner Flame                    Hexes/Fire                   3
   e - Sticky Flame                   Conjuration/Fire             4
   f - Fireball                       Conjuration/Fire             5
 q - a book of Minor Magic

   Spells                             Type                      Level
   a - Magic Dart                     Conjuration                  1
   b - Blink                          Translocation                2
   c - Call Imp                       Summoning                    2
   d - Repel Missiles                 Charms/Air                   2
   e - Slow                           Hexes                        2
   f - Conjure Flame                  Conjuration/Fire             3
   g - Mephitic Cloud                 Conjuration/Poison/Air       3
Comestibles
 c - 3 bread rations
 f - a slice of pizza
 l - a meat ration
 s - 3 fruits


   Skills:
 - Level 2.4 Dodging
 - Level 2.4 Stealth
 + Level 6.4 Spellcasting
 * Level 4.6 Conjurations
 + Level 5.3 Fire Magic
 + Level 2.1 Poison Magic


You had 8 spell levels left.
You knew the following spells:

 Your Spells              Type           Power        Failure   Level  Hunger
a - Flame Tongue          Conj/Fire      ####.        1%          1    None
b - Throw Flame           Conj/Fire      ####..       1%          2    None
c - Mephitic Cloud        Conj/Pois/Air  ###.....     12%         3    #......
d - Repel Missiles        Chrm/Air       #.....       14%         2    None
e - Blink                 Tloc           N/A          14%         2    None


Dungeon Overview and Level Annotations

Branches:
Dungeon (5/15)
 Temple: D:4-7

Altars:
Ashenzari

Shops:
D:4 (


Innate Abilities, Weirdness & Mutations

You have an increased reservoir of magic. (+10% MP)
You are weak. (Str -2)
You expend magic power (3 MP) to strengthen your wands.


Message History

a chain mail; a short sword
Things that are here:
a falchion of holy wrath; a ring mail
There is a stone staircase leading down here.
You climb downwards.
Found a pair of gloves and a meat ration.
There is a stone staircase leading up here.
Found a viscous amethyst potion and a potion of curing.
A centaur comes into view.
The centaur shouts!
The centaur wields a shortbow.
The centaur shoots an arrow.
The arrow hits you!
You see here an arrow.
A quokka comes into view.
The centaur shoots an arrow.
The arrow hits you!
The centaur shoots an arrow.
The arrow is repelled.
The centaur shoots an arrow.
The arrow misses you.
You see here an arrow.
There is a stone staircase leading up here.
The centaur shoots an arrow.
The arrow hits you!
You die...

...............
........c.......
................
......#.....#.#
......#.......#
.......%...##+#.#
.................
....[..((###.....
.........@.......
....###..##......
... ....... #...#
............# ###
....##........ ..
....#..... #
.....#.!!..
......####..


You could see a centaur.

Vanquished Creatures
  A phantom (D:3)
  An ogre (D:4)
  An orc priest (D:4)
  2 orc wizards (D:4)
  A hound (D:4)
  A centaur skeleton (D:4)
  4 worker ants (D:4)
  4 adders
  An ooze (D:3)
  5 worms
  6 dart slugs
  2 leopard geckos
  10 orcs
  2 ball pythons
  3 giant cockroaches
  2 goblins
  8 hobgoblins
  9 jackals
  6 kobolds
  2 quokkas
  6 bats
  5 frilled lizards
  A quokka skeleton (D:4)
  8 rats
91 creatures vanquished.

Notes
Turn   | Place    | Note
-------+----------+-------------------------------------------
     0 | D:1      | Ponchio the Deep Elf Fire Elementalist began the quest for the Orb.
     0 | D:1      | Reached XP level 1. HP: 10/10 MP: 6/6
   276 | D:1      | Reached XP level 2. HP: 15/15 MP: 6/8
   994 | D:2      | Reached XP level 3. HP: 15/19 MP: 0/10
  1154 | D:2      | Reached skill level 4 in Spellcasting
  1488 | D:2      | Learned a level 2 spell: Throw Flame
  1721 | D:2      | Found a shattered altar of Ashenzari.
  1725 | D:2      | Reached XP level 4. HP: 24/24 MP: 9/12
  2548 | D:3      | Noticed a phantom
  2588 | D:3      | Killed a phantom
  2588 | D:3      | Reached skill level 5 in Spellcasting
  2588 | D:3      | Reached XP level 5. HP: 24/28 MP: 1/14
  3271 | D:3      | Learned a level 3 spell: Mephitic Cloud
  3402 | D:4      | Gained mutation: You have an increased reservoir of magic. (+10% MP) [potion of mutation]
  3402 | D:4      | Gained mutation: You expend magic power (3 MP) to strengthen your wands. [potion of mutation]
  3402 | D:4      | Gained mutation: You are weak. (Str -2) [potion of mutation]
  3630 | D:4      | Reached XP level 6. HP: 32/32 MP: 13/18
  3710 | D:4      | Reached skill level 1 in Poison Magic
  3746 | D:4      | Reached skill level 6 in Spellcasting
  3746 | D:4      | Reached skill level 5 in Fire Magic
  3754 | D:4      | Learned a level 2 spell: Repel Missiles
  4183 | D:4      | Found Lumper's Weapon Shoppe.
  4285 | D:4      | Reached XP level 7. HP: 36/36 MP: 15/20
  4541 | D:4      | Learned a level 2 spell: Blink
  4564 | D:5      | Entered Level 5 of the Dungeon
  4571 | D:5      | Shot with an arrow by a centaur

Skill      XL: |  1  2  3  4  5  6 |
---------------+-------------------+-----
Spellcasting   | 4 5 6 |  6.4
Conjurations   | 2 3 4 |  4.6
Fire Magic     | 4 5 |  5.3
Poison Magic   | 2 |  2.1
Dodging        | |  2.4
Stealth        | |  2.4

Action                   |  1- 3 |  4- 6 |  7- 9 || total
-------------------------+-------+-------+-------++-------
Melee: Short sword       |     3 |     3 |       ||     6
 Cast: Flame Tongue      |    65 |   104 |     7 ||   176
       Throw Flame       |     2 |    19 |     1 ||    22
       Mephitic Cloud    |       |     2 |       ||     2
       Repel Missiles    |       |     1 |       ||     1
  Use: Scroll            |       |     9 |       ||     9
       Potion            |       |     1 |       ||     1
  Eat: Chunk             |     2 |     8 |       ||    10
Armor: Robe              |     2 |    12 |     2 ||    16
Dodge: Dodged            |    18 |    22 |     5 ||    45
       Deflected         |       |       |     1 ||     1
